Map: Thunderbird LE

Players

Gerald - Winner!

  • Race: Protoss Protoss
  • Spawn Location: 5:00

hinO

  • Race: Zerg Zerg
  • Spawn Location: 11:00

Event: 2019 WCS Summer

VOD

Have the link to the VOD?

Description

Time

  • Played on: July 12, 2019, 6:33 a.m.
  • Length: 4:29

All games in this series

Show
View Real Time Build Order
Export as new Build Order

Gerald Protoss - Winner!

Build Orders: 1 Gate Expand, Oracle Opening 

Get SALT Encoding   

  12  0:00  Probe  
  13  0:12  Probe  
  14  0:22  Pylon  
  14  0:25  Probe  
  15  0:29  Assimilator  
  15  0:36  Probe  
  16  0:43  Gateway  
  16  0:44  Probe  
  17  0:54  Probe  
  18  1:06  Probe  
  19  1:18  Probe  
  20  1:25  Nexus  
  21  1:33  Cybernetics Core  
  21  1:36  Probe  
  21  1:41  Assimilator  
  21  1:48  Probe  
  22  1:54  Pylon  
  22  2:00  Probe  
  23  2:02  Adept  
  23  2:12  Probe  
  26  2:17  Stargate  
  26  2:24  Probe  
  26  2:27  Stalker  
  26  2:29  Warp Gate  
  27  2:36  Probe  
  29  2:40  Probe  
  30  2:48  Probe  
  31  2:52  Probe  
  31  2:55  Oracle  
  32  2:58  Gateway  
  32  3:00  Probe  
  32  3:04  Probe  
  38  3:12  Probe  
  38  3:15  Gateway  
  38  3:16  Probe  
  39  3:24  Probe  
  40  3:28  Gateway  
  40  3:29  Probe  
  40  3:30  Oracle  
  44  3:42  Probe x2  
  46  3:59  Gateway  
  46  4:02  Gateway  
  46  4:10  Pylon  
  46  4:15  Pylon  
  46  4:26  Assimilator  
  46  4:28  Assimilator  
Show
View Real Time Build Order
Export as new Build Order

hinO Zerg 

Build Orders: Hatch First 

Get SALT Encoding   

  12  0:00  Drone  
  13  0:13  Overlord  
  13  0:18  Drone  
  14  0:31  Drone x2  
  16  0:51  Hatchery  
  16  0:52  Drone  
  16  0:57  Drone  
  16  0:59  Drone  
  18  1:11  Extractor  
  18  1:15  Spawning Pool  
  18  1:17  Drone  
  17  1:20  Drone  
  18  1:29  Drone  
  19  1:41  Overlord  
  19  1:53  Drone  
  20  2:03  Zergling x4, Queen  
  20  2:04  Queen  
  26  2:11  Zergling x2  
  26  2:14  Zergling x2  
  28  2:18  Metabolic Boost  
  28  2:22  Zergling x2  
  29  2:25  Zergling x2  
  30  2:34  Zergling x2  
  32  2:37  Zergling x2  
  32  2:40  Baneling Nest  
  31  2:46  Zergling x4  
  33  2:54  Zergling x2  
  34  3:00  Zergling x2  
  34  3:12  Zergling x4  
  36  3:15  Overlord  
  36  3:26  Baneling x2  
  36  3:32  Baneling x2  
  36  3:33  Baneling  
  34  3:34  Zergling x6  
  34  3:35  Zergling x6  
  39  3:43  Zergling x2  
  39  3:45  Zergling x6  
  39  3:55  Zergling x4  
  39  3:56  Zergling x4  
  39  4:01  Zergling x2  
  38  4:04  Zergling x2  
  38  4:09  Zergling x2  
Tags
 
Add a new tag
Caveats
  • Supply blocks, unpowered buildings, or Contaminate may cause inaccurate times.
  • Supply counts are checked every 10 seconds.